 Dungeon Crawl Stone Soup version 0.26-a0-850-g97a50ab700 (webtiles) character file.

Game seed: 4091934251610901298

83 robertstho the Chiller (level 4, -5/21 HPs)
             Began as a Vine Stalker Ice Elementalist on Nov 20, 2020.
             Killed by divine providence
             ... invoked by an orc priest
              (12 damage)
             ... on level 3 of the Dungeon.
             The game lasted 00:04:28 (2658 turns).

robertstho the Chiller (VSIE)                       Turns: 2658, Time: 00:04:29

Health: -5/21      AC:  3    Str: 10    XL:     4   Next: 44%
Magic:  0/9        EV: 12    Int: 16    God:
Gold:   208        SH:  0    Dex: 15    Spells: 2/9 levels left

rFire    . . .     SeeInvis .   (no weapon)
rCold    . . .     Faith    .   (no shield)
rNeg     . . .     Spirit   +   a - +0 robe
rPois    .         Reflect  .   (no helmet)
rElec    .         Harm     .   (no cloak)
rCorr    .         Rampage  .   m - +0 pair of gloves
MR       .....                  (no boots)
Stlth    ++........             (no amulet)
HPRegen  0.47/turn              (no ring)
MPRegen  0.11/turn              (no ring)

@: frozen ramparts
A: fangs 2, regeneration 1, magic shield, antimagic bite, no potion heal 3, rot
immunity
a: no special abilities


You were on level 3 of the Dungeon.
You visited 1 branch of the dungeon, and saw 3 of its levels.

You collected 208 gold pieces.

Inventory:

Armour
 a - a +0 robe (worn)
 m - a +0 pair of gloves (worn)
Wands
 k - a wand of disintegration (6)
Scrolls
 b - 2 scrolls of remove curse
 c - 2 scrolls of amnesia
 e - a scroll of immolation {unknown}
 f - 2 scrolls of identify
 g - a scroll of teleportation {unknown}
 j - 2 scrolls of enchant weapon {unknown}
 l - a scroll of magic mapping {unknown}
Potions
 d - 2 potions of magic
 h - a potion of invisibility {unknown}
 i - a potion of degeneration {unknown}


   Skills:
 + Level 2.0 Dodging
 + Level 2.9 Stealth
 + Level 0.3 Unarmed Combat
 * Level 3.1 Spellcasting
 * Level 4.8 Ice Magic


You had 2 spell levels left.
You knew the following spells:

 Your Spells              Type           Power        Failure   Level
a - Freeze                Ice            ###.         2%          1
b - Frozen Ramparts       Ice            ###...       8%          3
c - Ozocubu's Armour      Ice            ###.....     8%          3

Your spell library contained the following spells:

 Spells                   Type           Power        Failure   Level
 Hailstorm                Conj/Ice       ##......     56%         4
 Summon Ice Beast         Ice/Summ       ##......     56%         4


Dungeon Overview and Level Annotations

Branches:
Dungeon (3/15)

Altars:


Innate Abilities, Weirdness & Mutations

You have extremely sharp teeth.
Your natural rate of healing is unusually fast.
When hurt, damage is shared between your health and your magic reserves.
Your bite disrupts and absorbs the magic of your enemies.
Potions cannot restore your health.
You are immune to rotting.


Message History

You hit the orc.
You kill the orc!
The bat barely misses you. The orc priest closely misses you.
You hit the orc but do no damage. The bat hits you but does no damage.
The orc hits you but does no damage.
The orc priest hits you from afar with a cursed -2 trident!
The orc barely misses you.
Unknown command.
Casting: Frozen Ramparts (quite dangerous; 8% risk of failure)
Confirm with . or Enter, or press ? or * to list all spells.
The spell is quite dangerous to cast (8% risk of failure)!
Continue anyway? [Y]es or [N]o only, please.
The spell is quite dangerous to cast (8% risk of failure)!
Continue anyway?
The walls around you are covered in ice.
The bat hits you but does no damage. The orc hits you.
The wall freezes the orc priest.
The orc priest invokes the aid of Beogh against you.
Beogh smites you!
Ouch! That really hurt!
You die...

# #
##.............
#
#..............
#
#..............
#<.........[...
#.!............
#......b...!...
#......o)......
#....†@.o.....
###.....o#.....#
.........# #####
...####.##### #.
....## #.....#
.. #... #####.#
#.###..# #.#
#......# #.#
#..##.# #.##


You could see an orc priest, 2 orcs and a bat.

Vanquished Creatures
  An adder (D:2)
  An ooze (D:3)
  2 worms (D:3)
  A dart slug (D:1)
  A leopard gecko (D:2)
  An orc (D:3)
  2 ball pythons
  3 giant cockroaches
  7 goblins
  6 hobgoblins
  7 jackals
  5 kobolds
  9 bats
  4 frilled lizards
  3 rats (D:1)
53 creatures vanquished.

Notes
Turn   | Place    | Note
-------+----------+-------------------------------------------
     0 | D:1      | robertstho the Vine Stalker Ice Elementalist began the
                  | quest for the Orb.
     0 | D:1      | Reached XP level 1. HP: 9/9 MP: 4/4
   397 | D:1      | Reached XP level 2. HP: 12/13 MP: 1/6
   947 | D:1      | Reached XP level 3. HP: 16/16 MP: 7/7
  1607 | D:2      | Learned a level 3 spell: Frozen Ramparts
  1611 | D:2      | Learned a level 3 spell: Ozocubu's Armour
  2346 | D:3      | Gained mutation: Your natural rate of healing is unusually
                  | fast. [Vine Stalker growth]
  2346 | D:3      | Reached XP level 4. HP: 20/21 MP: 5/9
  2658 | D:3      | Killed from afar by an orc priest

Illustrated notes

Levels and vault maps discovered:
D:1:      kennysheep_arrival_forest, layout_loops_ring
D:2:      layout_loops_ring
D:3:      layout_rooms

Skill      XL: |  1  2  3  4 |
---------------+-------------+-----
Dodging        | 2 |  2.0
Spellcasting   | 3 |  3.1
Stealth        | |  2.9
Unarmed Combat | |  0.3
Ice Magic      | |  4.8

Action                   |  1- 3 |  4- 6 || total
-------------------------+-------+-------++-------
Melee: Unarmed           |   101 |    39 ||   140
       Bite              |    19 |    10 ||    29
 Cast: Freeze            |    31 |       ||    31
       Frozen Ramparts   |     6 |     5 ||    11
  Use: Scroll            |     3 |       ||     3
 Stab: Sleeping          |     9 |       ||     9
Armor: Robe              |    35 |    10 ||    45
Dodge: Dodged            |   110 |    28 ||   138

Table legend: (Time is in decaauts)
 A = Elapsed time spent in this place.
 B = Non-inter-level travel time spent in this place.
 C = Inter-level travel time spent in this place.
 D = Time resting spent in this place.
 E = Time spent auto-exploring this place.
 F = Levels seen in this place.
 G = Mean time per level.
                   A        B        C        D        E       F      G
               +--------+--------+--------+--------+--------+-----+--------+
         Total |   2657 |   2606 |     51 |      0 |   2113 |   3 |  885.7 |
       Dungeon |   2657 |   2606 |     51 |      0 |   2113 |   3 |  885.7 |
               +--------+--------+--------+--------+--------+-----+--------+

Top non-repeatable levels by time:
     D:1: 1526 daAuts
     D:2: 790 daAuts
     D:3: 340 daAuts
